 Dungeon Crawl Stone Soup version 0.20.1-1-g8b1a95d (webtiles) character file.

117 slep the Skirmisher (level 4, -1/35 HPs)
             Began as a Demonspawn Fighter on Oct 29, 2017.
             Slain by an orc priest (4 damage)
             ... on level 3 of the Dungeon.
             The game lasted 00:07:08 (1208 turns).

slep the Skirmisher (Demonspawn Fighter)            Turns: 1208, Time: 00:07:12

Health: -1/35      AC: 10    Str: 16    XL:     4   Next: 71%
Magic:  4/4        EV:  7    Int:  9    God:
Gold:   118        SH:  9    Dex: 14    Spells: 3/3 levels left

rFire    . . .     SeeInvis .   a - +0 long sword
rCold    + . .     Gourm    .   c - +0 shield
rNeg     . . .     Faith    .   b - +0 scale mail
rPois    .         Spirit   .   (no helmet)
rElec    .         Reflect  .   (no cloak)
rCorr    .         Harm     .   r - +0 pair of gloves
MR       .....                  (no boots)
Stlth    ..........             x - amulet of inaccuracy (curse)
Regen    0.2/turn               p - ring of protection from cold
MPRegen  0.1/turn               w - +2 ring of protection

@: no status effects
A: hooves 1
a: no special abilities


You were on level 3 of the Dungeon.
You were not hungry.

You visited 1 branch of the dungeon, and saw 3 of its levels.

You collected 118 gold pieces.

Inventory:

Hand Weapons
 a - a +0 long sword (weapon)
 m - a +2 dagger of venom
 u - a +0 hunting sling of flaming
Missiles
 v - 22 sling bullets
Armour
 b - a +0 scale mail (worn)
 c - a +0 shield (worn)
 r - a +0 pair of gloves (worn)
Jewellery
 p - a ring of protection from cold (left hand)
 w - a +2 ring of protection (right hand)
 x - a cursed amulet of inaccuracy (around neck)
Scrolls
 g - a scroll of teleportation {unknown}
 h - 2 scrolls of fear {unknown}
 i - a scroll of enchant armour {unknown}
 j - 3 scrolls of identify {unknown}
 l - 2 scrolls of blinking {unknown}
 o - 2 scrolls of remove curse {unknown}
Potions
 d - a potion of might
 e - a potion of haste {unknown}
 k - a potion of flight {unknown}
 n - 4 potions of curing {unknown}
 s - 2 potions of magic {unknown}
Comestibles
 f - 4 bread rations
 q - 2 chunks of flesh
 t - 3 fruits


   Skills:
 + Level 3.5 Fighting
 + Level 3.0 Long Blades
 + Level 3.3 Armour
 + Level 0.1 Dodging
 + Level 3.3 Shields


You had 3 spell levels left.
You didn't know any spells.

Dungeon Overview and Level Annotations

Branches:
Dungeon (3/15)

Altars:
Makhleb
Uskayaw
Vehumet


Innate Abilities, Weirdness & Mutations

You have large cloven feet.


Message History

The magic dart hits you!
You miss the orc wizard.
The orc wizard is severely wounded.
You block the orc wizard's attack.
The orc wizard points at you and mumbles some strange words.
The magic dart hits you!
* * * LOW HITPOINT WARNING * * *
You miss the orc wizard. Your kick misses the orc wizard.
The orc wizard is severely wounded.
The orc hits you but does no damage. x2
The orc wizard casts a spell at you. The magic dart hits you!
Unknown command.
You hit the orc wizard.
You kill the orc wizard!
Your Long Blades skill increases to level 3!
You block the orc's attack. The orc hits you with a morningstar!
* * * LOW HITPOINT WARNING * * *
The orc hits you but does no damage. The orc priest hits you.
You die...

.#.#.##.#.#
.#.#..#.#.# ##...##
.#.##.#.#.# ##.....#
.#.##...#.###......#
........#.##.......#
...........+.......#
#####...####.......#
#...## #..ooo.#
#..#.# ##..@..#
###.## #......# #.#
#.##'#### ### #.# #
#.##.# #.# #.# #
#.##.#######.# #.#
#.##............#
##.##
#.#...#.#########
##...## #.......#
#.....# ###...###


You could see an orc priest and 2 orcs.

Vanquished Creatures
  An orc wizard (D:3)
  4 adders (D:2)
  A worm (D:2)
  A leopard gecko (D:2)
  3 orcs (D:3)
  5 giant cockroaches
  6 goblins
  6 hobgoblins
  2 quokkas (D:2)
  9 bats
  2 frilled lizards (D:2)
  5 kobolds (D:1)
  3 rats
48 creatures vanquished.

Notes
Turn   | Place    | Note
-------+----------+-------------------------------------------
     0 | D:1      | slep the Demonspawn Fighter began the quest for the Orb.
     0 | D:1      | Reached XP level 1. HP: 18/18 MP: 1/1
    87 | D:1      | Gained mutation: You have large cloven feet. [demonic ancestry]
    87 | D:1      | Reached XP level 2. HP: 21/24 MP: 2/2
   475 | D:2      | Reached XP level 3. HP: 28/29 MP: 3/3
   689 | D:2      | Found a radiant altar of Vehumet.
   690 | D:2      | Found a burning altar of Makhleb.
   725 | D:2      | Noticed a dagger
   725 | D:2      | Noticed a dagger
   729 | D:2      | Found a hide-covered altar of Uskayaw.
   813 | D:2      | Reached XP level 4. HP: 27/35 MP: 4/4
  1208 | D:3      | Slain by an orc priest

Skill      XL: |  1  2  3  4 |
---------------+-------------+-----
Armour         | 3 |  3.3
Long Blades    | 2 3 |  3.0
Shields        | 3 |  3.3
Fighting       | |  3.5
Dodging        | |  0.1

Action                   |  1- 3 |  4- 6 || total
-------------------------+-------+-------++-------
Melee: Long sword        |   128 |    14 ||   142
       Kick              |    20 |     5 ||    25
       Dagger            |       |     9 ||     9
 Fire: Hunting sling     |       |     1 ||     1
  Eat: Chunk             |       |     1 ||     1
Armor: Scale mail        |    72 |    10 ||    82
Dodge: Dodged            |    38 |     4 ||    42
Block: Shield            |    65 |    11 ||    76
       Rpst.: Long sword |     9 |       ||     9
